 Dungeon Crawl Stone Soup version 0.30-a0-596-g0af90f9a20 (webtiles) character file.

Game seed: 5642534311158476095

26 Newt the Ducker (level 2, -1/23 HPs)
             Began as a Demonspawn Gladiator on Jan 6, 2023.
             Slain by a hobgoblin (3 damage)
             ... led by Robin
             ... on level 2 of the Dungeon.
             The game lasted 00:01:28 (1208 turns).

Newt the Ducker (Demonspawn Gladiator)              Turns: 1208, Time: 00:01:29

Health: -1/23      AC:  6    Str: 14    XL:     2   Next: 89%
Magic:  2/2        EV: 11    Int:  9    God:
Gold:   52         SH:  3    Dex: 14    Spells: 1/1 levels left

rFire   . . .      SeeInvis .    a - +0 rapier
rCold   . . .      Faith    .    k - +0 buckler
rNeg    . . .      Spirit   .    b - +0 leather armour
rPois   .          Reflect  .    c - +0 helmet
rElec   .          Harm     .    (no cloak)
rCorr   .          Rampage  .    (no gloves)
Will    .....                    (no boots)
Stlth   ++                       (no amulet)
HPRegen 0.23/turn                (no ring)
MPRegen 0.08/turn                (no ring)

@: no status effects
A: thin metallic scales 1
a: no special abilities


You were on level 2 of the Dungeon.
You visited 1 branch of the dungeon, and saw 2 of its levels.

You collected 52 gold pieces.

Inventory:

Hand Weapons
 a - a +0 rapier (weapon)
Missiles
 d - 3 throwing nets (quivered)
 e - a javelin
 j - 5 poisoned darts
Armour
 b - a +0 leather armour (worn)
 c - a +0 helmet (worn)
 k - a +0 buckler (worn)
Scrolls
 g - 2 scrolls of blinking
 h - 2 scrolls of identify
 i - a scroll of vulnerability
Potions
 f - 2 potions of heal wounds {unknown}


   Skills:
 + Level 2.6 Fighting
 - Level 2.6 Short Blades
 - Level 1.7 Throwing
 - Level 2.6 Dodging
 - Level 2.0 Stealth


You had one spell level left.
You didn't know any spells.
Your spell library was empty.

Dungeon Overview and Level Annotations

Branches:
Dungeon (2/15)

Altars:

Annotations:
D:2 Robin


Innate Abilities, Weirdness & Mutations

You are partially covered in thin metallic scales. (AC +2)


Message History

You hear a shout! x2; The hobgoblin shouts!
You hear a shout!
Robin and 4 goblins come into view.
Robin shouts!
The goblin shouts!
A hobgoblin comes into view.
The goblin moves out of view.
You completely miss the hobgoblin.
The goblin shouts!
The hobgoblin hits you but does no damage.
Robin roars a battlecry!
The goblins go into a battle-frenzy!
You closely miss the hobgoblin. The hobgoblin hits you.
The hobgoblin misses you.
Robin flexes a bicep menacingly.
Robin throws the goblin at you!
You hit the goblin.
The goblin is heavily wounded.
The hobgoblin closely misses you.
A goblin comes into view. It is wielding a +0 club.
The goblin barely misses you. The hobgoblin hits you.
Robin throws the goblin at you!
You closely miss the goblin.
The goblin is moderately wounded.
The goblin barely misses you. The hobgoblin misses you.
The goblin hits you but does no damage. The hobgoblin hits you.
You are too injured to fight recklessly!
You are too injured to fight recklessly!
You are too injured to fight recklessly!
You are too injured to fight recklessly!
You are too injured to fight recklessly!
You are too injured to fight recklessly!
Unknown command.
The hobgoblin attacks as you move away! The hobgoblin barely misses you.
The goblin attacks as you move away! The goblin barely misses you.
The goblin hits you with a +0 dagger.
* * * LOW HITPOINT WARNING * * *
The goblin attacks as you move away! The goblin hits you but does no damage.
The hobgoblin attacks as you move away! The hobgoblin hits you.
* * * LOW HITPOINT WARNING * * *
The hobgoblin attacks as you move away! The hobgoblin hits you.
You die...

##.###.##.......#
#.....###.....##
#.##### #...##
#.# +# #.# .# #.#
#####.#### #.#
#<.......###
###.###
#.##...#...
#.....#
#@#......#
#.....###g##....#
#..(......g.g..#
#.....###.##gg(#
#.....# #.###gg#
####### #.# .#.#
#.. .g .# ### .##
.. .# ##


You could see a hobgoblin (strong) and a goblin (strong).

Vanquished Creatures
  A worm (D:2)
  A dart slug (D:1)
  3 bats (D:1)
  An endoplasm (D:1)
  A giant cockroach (D:1)
  A goblin (D:1)
  A hobgoblin (D:1)
  5 jackals (D:1)
  A quokka (D:1)
  A kobold (D:1)
  3 rats (D:1)
19 creatures vanquished.

Notes
Turn   | Place    | Note
-------+----------+-------------------------------------------
     0 | D:1      | Newt the Demonspawn Gladiator began the quest for the Orb.
     0 | D:1      | Reached XP level 1. HP: 16/16 MP: 1/1
   271 | D:1      | Reached skill level 1 in Stealth
   570 | D:1      | Gained mutation: You are partially covered in thin metallic
                  | scales. (AC +2) [demonic ancestry]
   570 | D:1      | Reached XP level 2. HP: 22/22 MP: 2/2
  1199 | D:2      | Noticed Robin
  1208 | D:2      | Slain by a hobgoblin

Illustrated notes

Levels and vault maps discovered:
D:1:      minmay_arrival_wavy_path, layout_loops_corners,
          hangedman_decor_points, minmay_hedge_maze
D:2:      minmay_wonky_spiral, layout_loops_corners,
          nicolae_figureground_sparkle, uniq_sigmund, uniq_robin

Skill      XL: |  1  2 |
---------------+-------+-----
Stealth        | 1 2 |  2.0
Fighting       | |  2.6
Short Blades   | |  2.6
Throwing       | |  1.7
Dodging        | |  2.6

Action                   || total
-------------------------++-------
Melee: Rapier            ||    63
  Use: Scroll            ||     2
 Stab: Sleeping          ||     3
Armor: Leather armour    ||    23
Dodge: Dodged            ||    44

Table legend: (Time is in decaauts)
 A = Elapsed time spent in this place.
 B = Non-inter-level travel time spent in this place.
 C = Inter-level travel time spent in this place.
 D = Time resting spent in this place.
 E = Time spent auto-exploring this place.
 F = Levels seen in this place.
 G = Mean time per level.
                   A        B        C        D        E       F      G
               +--------+--------+--------+--------+--------+-----+--------+
         Total |   1212 |   1196 |     16 |    131 |    892 |   2 |  606.0 |
       Dungeon |   1212 |   1196 |     16 |    131 |    892 |   2 |  606.0 |
               +--------+--------+--------+--------+--------+-----+--------+

Top non-repeatable levels by time:
     D:1: 1144 daAuts
     D:2: 67 daAuts
